Cogmind - Beta 13 @@@ ROGUE MODE // 2024.04.03 @ 18:46:30 Player: Jake from State Farm Result: Destroyed by G-47 Trooper with Particle Gun Performance ------------- Evolutions (2) 1000 Regions Visited (3) 600 Robots Destroyed (45) 225 Value Destroyed (1415) 1415 Prototype IDs (3) 60 Alien Tech Used (0) 0 Bonus (0) 0 TOTAL SCORE: 3300 Bonus ------- None Cogmind --------- Core Integrity 0/550 Matter 250/300 Energy 250/250 System Corruption 0% Temperature Cool (18) Movement Core (750) Ox14 Location -8/Materials Parts ------- > --- POWER (2) -------- Ion Engine > --- PROPULSION (2) --- (None) > --- UTILITY (4) ------ High-capacity Storage Unit > --- WEAPON (3) ------- (None) > --- INVENTORY (20) --- Gravmag System Gravmag System Gravmag System Cesium-ion Thruster Cesium-ion Thruster Improved Heat Sink Cooling System High-capacity Battery (250) Sensor Array Targeting Computer Targeting Computer Reaction Control System System Shield Peak State ------------ > --- POWER ------------ Deuterium Engine Nuclear Core > --- PROPULSION ------- Gravmag System Gravmag System > --- UTILITY ---------- Improved Heat Sink High-capacity Storage Unit Weight Redist. System Improved Utility Shielding > --- WEAPON ----------- Beam Rifle Pulse Rifle Ion Cannon > --- INVENTORY -------- Ion Engine Light Nuclear Core Gravmag System Gravmag System Gravmag System Gravmag System Gravmag System Cesium-ion Thruster Cesium-ion Thruster Improved Heat Sink Cooling System High-capacity Battery Sensor Array Targeting Computer Targeting Computer Reaction Control System Reaction Control System System Shield Assault Cannon [Rating: 36] Favorites ----------- Power Ion Engine Engine Ion Engine Power Core Nuclear Core Propulsion Improved Carbon-fiber Leg Leg Improved Carbon-fiber Leg Wheel Wheel Hover Unit Gravmag System Flight Unit Flight Unit Utility Medium Storage Unit Device Weight Redist. System Storage Medium Storage Unit Protection Improved Utility Shielding Weapon Beam Rifle Energy Gun Beam Rifle Energy Cannon Ion Cannon Ballistic Gun Assault Rifle Ballistic Cannon Assault Cannon Build | -11 -10 -9 -8 ------- Run | Yrd Mat Mat Mat Slots Evolved 4 | . . 2 2 Power 1 | . . 1 . Propulsion . | . . . . Utility 2 | . . 1 1 Weapon 1 | . . . 1 Parts Attached 60 | 6 6 14 34 Power 10 | 1 . 4 5 Engine 8 | 1 . 4 3 Core 2 | . . . 2 Reactor . | . . . . Propulsion 19 | 2 1 5 11 Treads . | . . . . Leg 5 | . 1 . 4 Wheel 5 | 2 . 3 . Hover 5 | . . . 5 Flight 4 | . . 2 2 Utility 18 | 1 2 2 13 Device 11 | . . 2 9 Storage 6 | 1 2 . 3 Processor . | . . . . Hackware . | . . . . Protection 1 | . . . 1 Artifact . | . . . . Weapon 13 | 2 3 3 5 Energy Gun 10 | 1 3 3 3 Energy Cannon 1 | . . . 1 Ballistic Gun 1 | 1 . . . Ballistic Cannon 1 | . . . 1 Launcher . | . . . . Special Weapon . | . . . . Impact Weapon . | . . . . Slashing Weapon . | . . . . Piercing Weapon . | . . . . Special Melee Weapon . | . . . . Unidentified Prototypes . | . . . . Parts Lost 25 | . 6 2 17 Power 5 | . 1 1 3 Propulsion 9 | . 3 1 5 Utility 5 | . . . 5 Weapon 6 | . 2 . 4 Highest Loss Streak 15 | . 2 1 15 To Critical Strikes . | . . . . Average Slot Usage (%) 87 | . 68 92 95 Engine 11 | . 4 18 11 Core 2 | . . . 5 Leg 4 | . 1 . 9 Wheel 6 | . 10 10 . Hover 3 | . . . 7 Flight 2 | . . 9 . Device 12 | . . 11 21 Storage 17 | . 24 22 9 Protection 2 | . . . 4 Energy Gun 20 | . 22 21 18 Energy Cannon 2 | . . . 6 Ballistic Gun 1 | . 4 . . Naked Turns . | . . . . Heaviest Build 71 | 12 18 32 71 Greatest Support 42 | 20 20 24 42 Greatest Overweight (x) 16 | . 5 3 16 Average Overweight (x) 1 | . 1 1 . Largest Inventory Capacity 20 | 8 10 10 20 Average Capacity 12 | 7 8 10 16 Most Carried 20 | 4 10 10 20 Average Carried 10 | 2 7 8 13 Final Capacity 20 | 8 10 10 20 Final Carried 13 | 1 10 10 13 Class Distribution -------------------- 55% | Mutant 17% | Skirmisher 13% | Tank 6% | Scavenger-Mutant 6% | Gunner Dominant Class ---------------- Mutant | -10/Materials Mutant | -9/Materials Skirmisher | -8/Materials Resources | -11 -10 -9 -8 ----------- Run | Yrd Mat Mat Mat Matter Collected 858 | 195 156 125 382 Remotely . | . . . . Salvage Created 1806 | . 336 551 919 Parts 89 | . 22 26 41 Haulers Intercepted 4 | . . 2 2 Recyclers Shooed 1 | . . . 1 Parts Field Recycled . | . . . . Retrieved Matter . | . . . . Parts Self-Destructed . | . . . . Prevented . | . . . . Kills | -11 -10 -9 -8 ------- Run | Yrd Mat Mat Mat Combat Hostiles Destroyed 36 | . 10 10 16 Guns 30 | . 10 10 10 Cannons 4 | . . . 4 Classes Destroyed 9 | . 2 4 3 Worker 2 | . . . 2 Builder 1 | . . 1 . Hauler 4 | . . 2 2 Recycler 1 | . . . 1 Watcher 1 | . . . 1 Swarmer 5 | . 3 . 2 Grunt 23 | . 7 7 9 Brawler 1 | . . 1 . Sentry 7 | . . 2 5 Best Kill Streak 5 | . 3 3 5 Combat Bots Only 4 | . 3 3 4 Max Kills in Single Turn 2 | . 1 1 2 Gunslinging . | . . . . Exploded . | . . . . Melee . | . . . . Uniques/NPCs Destroyed . | . . . . Combat | -11 -10 -9 -8 -------- Run | Yrd Mat Mat Mat Hostile Shots Fired 361 | . 95 66 200 Missed 113 | . 32 18 63 Damage Taken 3363 | . 672 717 1974 Core 950 | . 188 197 565 Absorbed by Shields . | . . . . Redirected to Shielding 66 | . . . 66 Core Remaining (%) 58 | 100 24 50 . Volleys Fired 144 | . 43 38 63 Largest 3 | . 2 2 3 Hottest 179 | . 105 130 179 Shots Fired 316 | . 77 76 163 Gun 265 | . 77 76 112 Cannon 51 | . . . 51 Launcher . | . . . . Special . | . . . . Kinetic 20 | . 12 . 8 Thermal 296 | . 65 76 155 Explosive . | . . . . Electromagnetic . | . . . . Robot Hit Streak 10 | . 5 9 10 Robot Miss Streak 4 | . 4 2 4 Penetration Max . | . . . . Secondary Targets 1 | . 1 . . Max Gunslinging Chain 1 | . 1 . . Shots Hit Robots 187 | . 41 48 98 Core Hits 81 | . 19 23 39 Critical Kills . | . . . . Critical Parts Destroyed . | . . . . Critical Strikes 7 | . 3 2 2 Burn 7 | . 3 2 2 Melee Attacks . | . . . . Impact . | . . . . Slashing . | . . . . Piercing . | . . . . Sneak Attacks . | . . . . Combat Hostiles . | . . . . Follow-up Attacks . | . . . . Damage Inflicted 3158 | . 580 768 1810 Guns 2517 | . 573 726 1218 Cannons 568 | . . . 568 Explosions . | . . . . Melee . | . . . . Ramming 73 | . 7 42 24 Kinetic 218 | . 82 . 136 Thermal 2867 | . 491 726 1650 Explosive . | . . . . Electromagnetic . | . . . . Impact . | . . . . Slashing . | . . . . Piercing . | . . . . Highest Corruption . | . . . . Average Corruption . | . . . . Corruption Purged . | . . . . Corruption Blocked . | . . . . Overload Shots . | . . . . Overflow Damage 10 | . . . 10 Projectiles 10 | . . . 10 Explosions . | . . . . Melee . | . . . . Knockbacks 2 | . . 1 1 Impact 1 | . . 1 . Kinetic 1 | . . . 1 Secondary . | . . . . Self-Inflicted Damage 31 | . 3 20 8 Shots . | . . . . Rammed 10 | . 1 5 4 Targets Rammed 11 | . 1 5 5 Kicked 1 | . . . 1 Crushed . | . . . . Highest Temperature 796 | . 190 27 796 Average Temperature 128 | . 82 11 164 Received Heat Transfer 1146 | . 225 300 621 Effects 20 | . . . 20 Shutdowns 4 | . . . 4 Energy Bleed 5 | . . . 5 Matter Decay 2 | . . . 2 Short Circuit 1 | . . . 1 Damage (minor) 1 | . . . 1 Damage (major) 4 | . . . 4 Damage (core) 3 | . . . 3 Siege Activations . | . . . . Robots Corrupted . | . . . . Combat Hostiles . | . . . . Parts Fried . | . . . . Impact Corruptions . | . . . . Robots Melted 2 | . . . 2 Combat Hostiles 2 | . . . 2 Parts Melted 19 | . 2 6 11 Heat Transferred 7379 | . 1690 1915 3774 Parts Sabotaged . | . . . . Parts Stolen . | . . . . Parts Stripped . | . . . . Power Chain Reactions . | . . . . Alert | -11 -10 -9 -8 ------- Run | Yrd Mat Mat Mat Peak Influence 295 | . 295 247 235 Initial 98 | . . 65 98 Average 122 | . 116 131 126 Maximum Alert Level 1 | . 1 1 1 Low Security (%) 85 | 100 87 81 87 Level 1 14 | . 12 18 12 Level 2 . | . . . . Level 3 . | . . . . Level 4 . | . . . . Level 5 . | . . . . High Security . | . . . . Max Security . | . . . . Squads Dispatched 10 | . 3 2 5 Investigation 6 | . 2 1 3 Extermination . | . . . . Reinforcement 3 | . 1 1 1 Assault . | . . . . Garrison 1 | . . . 1 Intercept . | . . . . Searches Triggered . | . . . . Construction Impeded 1 | . . . 1 Haulers Reinforced . | . . . . Active Scanning Responses . | . . . . Cargo Convoy Interrupts . | . . . . Stealth | -11 -10 -9 -8 --------- Run | Yrd Mat Mat Mat Distress Signals 2 | . . 2 . Communications Jammed . | . . . . Distress Signals . | . . . . Times Spotted 64 | . 19 16 29 Peak Tracking Total 8 | . 8 4 6 Tactical Retreats 6 | . 4 1 1 Traps | -11 -10 -9 -8 ------- Run | Yrd Mat Mat Mat Traps Triggered 7 | . 2 2 3 Indirectly . | . . . . Trap Hack Attempts . | . . . . Triggered . | . . . . Disarmed . | . . . . Reprogrammed . | . . . . Reused . | . . . . Traps Extracted . | . . . . Installed . | . . . . Triggered . | . . . . Machines | -11 -10 -9 -8 ---------- Run | Yrd Mat Mat Mat Machines Disabled 3 | . 1 . 2 Max in Single Turn 1 | . 1 . 1 Machines Repaired . | . . . . Machines Dismantled . | . . . . Machines Sabotaged . | . . . . Overloaded Fab Kills . | . . . . Hacking | -11 -10 -9 -8 --------- Run | Yrd Mat Mat Mat Machines Accessed 8 | . 2 3 3 Terminals 7 | . 2 3 2 Fabricators . | . . . . Repair Stations . | . . . . Recycling Units . | . . . . Scanalyzers 1 | . . . 1 Garrison Access . | . . . . Total Hacks 19 | . 7 9 3 Successful 8 | . 2 3 3 Failed 11 | . 5 6 . Catastrophic 2 | . 2 . . Database Lockouts . | . . . . Manual 9 | . 2 7 . Terminals 18 | . 7 9 2 Fabricators . | . . . . Repair Stations . | . . . . Recycling Units . | . . . . Scanalyzers 1 | . . . 1 Garrison Access . | . . . . Terminal Hacks 7 | . 2 3 2 Prototype ID Bank 1 | . 1 . . Recall Investigation 1 | . . 1 . Zone Layout 5 | . 1 2 2 Fabricator Hacks . | . . . . Repair Station Hacks . | . . . . Recycling Unit Hacks . | . . . . Scanalyzer 1 | . . . 1 Insert Component 1 | . . . 1 Garrison Access Hacks . | . . . . Unauthorized Hacks . | . . . . Terminals . | . . . . Fabricators . | . . . . Repair Stations . | . . . . Recycling Units . | . . . . Scanalyzers . | . . . . Garrison Access . | . . . . Data Cores Recovered . | . . . . Used . | . . . . Hacking Detections 4 | . 1 3 . Full Trace Events 3 | . 1 2 . Feedback Events . | . . . . Feedback Blocked . | . . . . Robot Schematics Acquired . | . . . . Robots Built . | . . . . Authchips . | . . . . Time . | . . . . Total Robot Build Rating . | . . . . Part Schematics Acquired . | . . . . Parts Built . | . . . . Authchips . | . . . . Time . | . . . . Total Part Build Rating . | . . . . Parts Repaired . | . . . . Time . | . . . . Parts Recycled . | . . . . Recycled Matter . | . . . . Retrieved Matter . | . . . . Retrieved Components . | . . . . Parts Scanalyzed . | . . . . Part Schematics Acquired . | . . . . Parts Damaged . | . . . . Bothacking | -11 -10 -9 -8 ------------ Run | Yrd Mat Mat Mat Used RIF Installer . | . . . . Robots Hacked . | . . . . Non-combat . | . . . . Combat . | . . . . Robot Hacks Applied . | . . . . Relay Couplers Released . | . . . . Fabnet Peak Effective % . | . . . . Robots Rewired . | . . . . Allies Hacked . | . . . . Hacks Repelled . | . . . . Allies | -11 -10 -9 -8 -------- Run | Yrd Mat Mat Mat Total Allies . | . . . . Largest Group . | . . . . Highest-Rated Group . | . . . . Highest-Rated Ally . | . . . . Total Orders . | . . . . Ally Attacks . | . . . . Total Damage . | . . . . Kills . | . . . . Allies Corrupted . | . . . . Allies Melted . | . . . . Intel | -11 -10 -9 -8 ------- Run | Yrd Mat Mat Mat Robot Analysis Total . | . . . . Derelict Logs Recovered . | . . . . Drone Launches . | . . . . Drone Recoveries . | . . . . Exploration | -11 -10 -9 -8 ------------- Run | Yrd Mat Mat Mat Turns Passed 2617 | 56 709 765 1087 Spaces Moved 1443 | 57 422 438 526 Core 104 | 8 95 . 1 Treads . | . . . . Legs 354 | . 27 . 327 Wheels 709 | 49 300 337 23 Hover 175 | . . . 175 Flight 101 | . . 101 . Fastest Speed 50 | 50 80 100 105 Average Speed 139 | 75 134 138 152 Slowest Speed 850 | 80 300 277 850 Overloaded Moves . | . . . . Propulsion Burnouts . | . . . . Robots Hopped . | . . . . Cave-ins Triggered . | . . . . Exploration Rate (%) 31 | 5 43 30 46 Regions Visited 3 Branch Regions . Pre-discovered Areas . | . . . . Known Exits Taken . | . . . . Unknown Exits Taken 3 | 1 1 1 . Scrap Searched . | . . . . Spaces Dug . | . . . . Terrain Destroyed 8 | . . . 8 Melee . | . . . . Projectile 8 | . . . 8 AOE . | . . . . Terrain Rammed . | . . . . Walls Destroyed . | . . . . Machines Disabled . | . . . . Actions | -11 -10 -9 -8 --------- Run | Yrd Mat Mat Mat Total 1764 | 69 486 525 684 Wait 7 | . . . 7 Move 1440 | 56 421 437 526 Hop . | . . . . Pick Up 71 | 7 14 19 31 Fast Attach . | . . . . Attach 30 | 6 4 9 11 Detach . | . . . . Swap 30 | . 2 5 23 Drop 31 | . 1 12 18 Fire 144 | . 43 38 63 Melee . | . . . . Ram 10 | . 1 5 4 Kick 1 | . . . 1 Crush . | . . . . Escape Stasis . | . . . . Rewire . | . . . . Trap . | . . . . Miscellaneous . | . . . . Route ------- -11/Scrapyard -10/Materials -9/Materials -8/Materials (discovered 1 exit: [*Fac]) History --------- Turn | Location | Event 32 | -11/Scrapyard | Discovered new exit (range 15) 57 | -11/Scrapyard | Entered Materials 300 | -10/Materials | Build established: Mutant 379 | -10/Materials | Discovered new exit (range 14) 620 | -10/Materials | Core integrity fell below 50% 766 | -10/Materials | Entered another Materials area 766 | -9/Materials | Evolved 2 slots: Power x1, Utility x1 1490 | -9/Materials | Discovered new exit (range 16) 1531 | -9/Materials | Entered another Materials area 1531 | -8/Materials | Evolved 2 slots: Utility x1, Weapon x1 1999 | -8/Materials | Build established: Skirmisher 2437 | -8/Materials | Core integrity fell below 50% 2468 | -8/Materials | Build established: Tank 2542 | -8/Materials | Discovered new exit (range 16) 2547 | -8/Materials | Garrison activated, responded to threat 2563 | -8/Materials | Core integrity fell below 20% 2618 | -8/Materials | Destroyed by G-47 Trooper with Particle Gun Last Messages --------------- Terminal disabled. Destroyed Flight Unit. S-10 Pest destroyed. Deuterium Engine destroyed. Critical hit (Burn: +37). Imp. Utility Shielding destroyed. R-06 Scavenger collects Lgt. Ion Engine. G-47 Trooper knocked back. Destroyed Flight Unit. R-06 Scavenger collects Flight Unit. Assault Cannon destroyed. R-06 Scavenger collects Lgt. Ion Engine. Weight Redist. System destroyed. Reaction Control System destroyed. S-10 Pest suffers critical hit (Burn). S-10 Pest destroyed. Gravmag System destroyed. Imp. Heat Sink destroyed. M-13 Machinist repairs G-47 Trooper. Lgt. Nuclear Core destroyed. Map ----- +----------------------------------------------------+ | ??????????????????????????????????????? | | ??????????????????????????????????????? | | ??????????????????????????????????????? | | ??????????????????????????????????????? | | ??????????????????????????????????????? | | ??????????????????????????????????????? | | ??????????????????????????????????????? | | ????????????????????????????????????### | | ????????????????????????????????????# | | ????????????????????????????????????# | | ????????????????????????????????????# | | ???????????????????##########???????# | | ???????????????????# "T" #???????# | | ???????????????????# ########## | | ???????????????????# ! ## # | | ???????????????????# ## """== # | | ???????????????????# ## """=*[+ | | ???????????????????#""" ## """ = # | | ???????????????????#""" ## # | | ???????????????????#""" ] ########## | | ?????????????####### %%! #### ##### | | ???????###+### = #####+##### =%* # | | ???????? % %=[*%!%%+ ! ! *#= | | ????????< % !#### !! =*%+% | | ???????? g%gm #?## ! /%%*# | | ???????????###@ ##### ##??# =! # | | ?????????????## ######+###?######### | | ??????????????# # #?????????# | | ??????????????# # """ #?????????# | | ??????????????# # *""" #?????????# | | ?????????????## s# %""" #?????????+ | | ?????????????+ + [ #?????????# | | ?????????????## # """ #?????????# | | ??????????????##### """ +?????????# | | ??????????????????# """ #?????????# | | ??????????????????# #?????????? | | ??????????????????#+########?????????? | | ??????????????????# ?????????????????? | | ??????????????????# ?????????????????? | | ??????????????????# ??????????????????? | | ??????????????????# ??????????????????? | | ??????????????????#???????????????????? | | ??????????????????????????????????????? | | ??????????????????????????????????????? | | ??????????????????????????????????????? | | ??????????????????????????????????????? | | ??????????????????????????????????????? | | ??????????????????????????????????????? | | ??????????????????????????????????????? | | ??????????????????????????????????????? | +----------------------------------------------------+ Best States ------------- Heat Dissipation 53 Energy Generation 23 Energy Capacity 650 Matter Stores 300 Matter Capacity 300 Sight Range 16 Robot Scan Range 14 Terrain Scan Density 10 Additional Mass Support 6 Utility Shielding 66 Evasion (%) 55 Energy Filtering 30 Item Schematics ----------------- None Robot Schematics ------------------ None Fabricated ------------ Nothing Alien Tech Used ----------------- None Achievements -------------- None Challenges ------------ None Game ------ Seed MasterBackupExtractor Manual? 0 Play Time 00:33:39 Cumulative 2.6 hours Start 2024.04.03 @ 18:15:46 End 2024.04.03 @ 18:46:30 Sessions 1 Manual Loads 0 Difficulty Rogue Special Mode None Game No. 5 Rogue 5 Adventurer 0 Explorer 0 Win Type - Total 0 Types 0/0/0/0/0/0/0/0/0 Lore% 0 Gallery% 8 Achievement% 8 Wizard Run 0 Options --------- Layout 1 ASCII 0 Keyboard 0 Movement Mouse Keybinds 0 Fullscreen 1 Font 32/SmallcapsGlow Map View 50x35 Zoom Use 0% Tactical HUD 0 Map Filters NONE Filters NONE Steam 1 RUN: c51b1186-8e28-4046-906c-c2158340fbf3